 Dungeon Crawl Stone Soup version 0.29.1-13-g9f3cf754e1 (webtiles) character file.

Game seed: 14362881266545537408

240 Heoruswealwe the Grave Robber (level 5, -27/28 HPs)
             Began as a Deep Elf Necromancer on Feb 7, 2023.
             Was a Believer of Sif Muna.
             Annihilated by an ogre
             ... wielding a +0 giant club
              (35 damage)
             ... on level 4 of the Dungeon.
             The game lasted 00:43:06 (2531 turns).

Heoruswealwe the Grave Robber (DENe)                Turns: 2531, Time: 00:43:06

Health: -27/28     AC:  3    Str:  5    XL:     5   Next: 80%
Magic:  15/15      EV: 13    Int: 22    God:    Sif Muna [**....]
Gold:   71         SH:  0    Dex: 15    Spells: 11/16 levels left

rFire   . . .      SeeInvis .   U - +2 dagger (speed)
rCold   . . .      Faith    .   (no shield)
rNeg    . . .      Spirit   .   a - +0 robe
rPois   .          Reflect  .   (no helmet)
rElec   .          Harm     .   (no cloak)
rCorr   .          Rampage  .   z - +0 pair of gloves
Will    .....                   (no boots)
Stlth   ++........              (no amulet)
HPRegen 0.09/turn               (no ring)
MPRegen 0.14/turn               (no ring)

@: no status effects
A: no striking features
a: Renounce Religion, Channel Magic


You were on level 4 of the Dungeon.
You worshipped Sif Muna.
Sif Muna was pleased with you.
You visited 1 branch of the dungeon, and saw 4 of its levels.

You collected 71 gold pieces.

Inventory:

Hand Weapons
 U - a +2 dagger of speed (weapon)
Armour
 a - a +0 robe (worn)
 z - a +0 pair of gloves (worn)
Wands
 s - a wand of quicksilver (5)
Scrolls
 d - 2 scrolls of teleportation {unknown}
 k - a scroll of fog {unknown}
 m - 2 scrolls of identify {unknown}
 E - 2 scrolls of immolation {unknown}
 L - a scroll of enchant weapon {unknown}
 P - a scroll of summoning {unknown}
Potions
 b - 3 potions of magic
 o - 2 potions of lignification {unknown}
 p - a potion of might {unknown}
 q - 3 potions of brilliance {unknown}
 t - a potion of haste {unknown}
 w - a potion of curing {unknown}
 x - a potion of mutation {unknown}
 H - a potion of heal wounds {unknown}
 I - a potion of flight {unknown}
 N - a potion of degeneration {unknown}


   Skills:
 + Level 2.9 Dodging
 + Level 2.7 Stealth
 + Level 6.2 Spellcasting
 + Level 6.5 Necromancy
 + Level 0.1 Air Magic


You had 11 spell levels left.
You knew the following spells:

 Your Spells              Type           Power      Damage    Failure   Level
a - Necrotise             Necr           100%       1d9       1%          1
b - Shock                 Conj/Air       28%        1d4       9%          1
c - Vampiric Draining     Necr           35%        2d8       1%          3

Your spell library contained the following spells:

 Spells                   Type           Power      Damage    Failure   Level
 Animate Dead             Necr           35%        N/A       6%          4
 Agony                    Necr           35%        N/A       17%         5
 Swiftness                Air            7%         N/A       26%         3
 Airstrike                Air            3%         2d(1-17)  65%         4


Dungeon Overview and Level Annotations

Branches:
Dungeon (4/15)
 Temple: D:4-7

Altars:
Sif Muna


Message History

Things that are here:
a +2 dagger of freezing; a +0 dagger of speed You drop a +1 dagger of draining.
You see here a +0 hand axe.
You drop 3 boomerangs.
Done exploring.
Search for what [Enter for "."]? .
Okay, then.
You see here a +0 flail.
You see here a +0 chain mail.
You see here a hobgoblin corpse.
There is a stone staircase leading down here.
You climb downwards.
Found 5 stones, 12 gold pieces and a dagger.
There is a stone staircase leading up here.
You climb upwards.
There is a stone staircase leading down here.
There is a stone staircase leading down here.
You climb downwards.
There is a stone staircase leading up here.
A scorpion and a goblin come into view.
Found 9 gold pieces.
The goblin shouts!
There is a stone staircase leading up here.
You climb upwards.
There is a stone staircase leading down here.
You see here a rat corpse.
There is a stone staircase leading down here.
Done exploring.
You climb downwards.
There is a stone staircase leading up here.
An ogre comes into view. It is wielding a +0 giant club.
The ogre shouts!
The ogre hits you with a +0 giant club!!
Ouch! That really hurt!
* * * LOW HITPOINT WARNING * * *
The ogre attacks as you move away!
The ogre hits you with a +0 giant club!!
Ouch! That really hurt!
You die...

## ... ..#### ..#
...# .....##.###
#....<..# ###.
#....####.###.....
### #.#.......
#.@O..# ###.### .#
##


You could see an ogre.

Vanquished Creatures
  An ogre (D:3)
  7 adders
  3 worms
  2 orcs (D:3)
  2 ball pythons (D:1)
  5 endoplasms
  7 giant cockroaches
  8 hobgoblins
  3 quokkas
  6 bats
  A frilled lizard (D:2)
  15 goblins
  4 kobolds
  6 rats
70 creatures vanquished.

Vanquished Creatures (collateral kills)
  A goblin (D:2)
  A quokka (D:3)
  2 ball pythons (D:1)
  2 frilled lizards (D:1)
  A kobold (D:1)
  2 rats
9 creatures vanquished.

Grand Total: 79 creatures vanquished

Notes
Turn   | Place    | Note
-------+----------+-------------------------------------------
     0 | D:1      | Heoruswealwe the Deep Elf Necromancer began the quest for
                  | the Orb.
     0 | D:1      | Reached XP level 1. HP: 10/10 MP: 6/6
   160 | D:1      | Reached skill level 5 in Necromancy
   218 | D:1      | Reached XP level 2. HP: 15/15 MP: 6/8
   846 | D:2      | Reached XP level 3. HP: 19/19 MP: 6/10
  1197 | D:2      | Learned a level 1 spell: Shock
  1290 | D:2      | Found a faded altar of an unknown god.
  1300 | D:2      | Prayed at the altar of an unknown god.
  1300 | D:2      | Became a worshipper of Sif Muna the Loreminder
  1300 | D:2      | Reached * piety under Sif Muna
  1369 | D:2      | Reached XP level 4. HP: 24/24 MP: 8/12
  1774 | D:3      | Learned a level 3 spell: Vampiric Draining
  1821 | D:3      | Reached skill level 5 in Spellcasting
  2059 | D:3      | Noticed an ogre
  2073 | D:3      | Reached ** piety under Sif Muna
  2084 | D:3      | Reached XP level 5. HP: 28/28 MP: 5/14
  2098 | D:3      | Killed an ogre
  2529 | D:4      | Noticed an ogre
  2531 | D:4      | Annihilated by an ogre

Illustrated notes

Levels and vault maps discovered:
D:1:      dpeg_arrival_court, layout_basic
D:2:      layout_rooms, basic_ecumenical_altar
D:3:      layout_rooms, minmay_ogre_servants
D:4:      layout_basic, uniq_duvessa, uniq_eustachio

Skill      XL: |  1  2  3  4  5 |
---------------+----------------+-----
Necromancy     | 5 6 |  6.5
Spellcasting   | 4 5 6 |  6.2
Dodging        | |  2.9
Stealth        | |  2.7
Air Magic      | |  0.1

Action                   |  1- 3 |  4- 6 || total
-------------------------+-------+-------++-------
 Cast: Necrotise         |    69 |    58 ||   127
       Shock             |     5 |     3 ||     8
       Vampiric Draining |       |     4 ||     4
Armor: Robe              |    12 |     5 ||    17
Dodge: Dodged            |    19 |    18 ||    37
